 Dungeon Crawl Stone Soup version 0.29-a0-551-gffc1d7fb78 (webtiles) character file.

Game seed: 15433663872135980518

32 jt the Chopper (level 3, 0/31 HPs)
             Began as a Meteoran Cinder Acolyte on June 5, 2022.
             Was a High Priest of Ignis.
             Slain by an adder (2 damage)
             ... on level 2 of the Dungeon.
             The game lasted 00:02:09 (408 turns).

jt the Chopper (Meteoran Cinder Acolyte)             Turns: 408, Time: 00:02:10

Health: 0/31       AC:  8    Str: 17    XL:     3   Next: 67%
Magic:  5/5        EV: 10    Int: 16    God:    Ignis [*****.]
Gold:   27         SH:  0    Dex:  9    Spells: 2/4 levels left

rFire   + . .      SeeInvis .   a - -1 hand axe (flame)
rCold   . . .      Faith    .   (no shield)
rNeg    . . .      Spirit   .   l - +0 chain mail
rPois   .          Reflect  .   (no helmet)
rElec   .          Harm     .   (no cloak)
rCorr   .          Rampage  .   (no gloves)
Will    .....                   (no boots)
Stlth   ..........              (no amulet)
HPRegen 0.10/turn               h - +4 ring of evasion
MPRegen 0.09/turn               (no ring)

@: lethally poisoned (0 -> -5), glowing
A: sense surroundings 1, otherworldly, glowing, explore regen, low MP 1
a: Renounce Religion, Fiery Armour, Foxfire Swarm, Rising Flame


You were on level 2 of the Dungeon.
You worshipped Ignis.
Ignis was extremely pleased with you.
You visited 1 branch of the dungeon, and saw 2 of its levels.

You collected 27 gold pieces.

Inventory:

Hand Weapons
 a - a -1 hand axe of flaming (weapon)
 f - a +0 hunting sling
 i - a +0 spear
Missiles
 c - 36 stones (quivered)
Armour
 b - a +0 robe
 e - a +0 ring mail
 l - a +0 chain mail (worn)
Jewellery
 h - a +4 ring of evasion (left hand)
Scrolls
 d - a scroll of torment {unknown}
 j - a scroll of fear {unknown}
 m - a scroll of enchant weapon {unknown}


   Skills:
 - Level 3.2 Fighting
 + Level 5.0 Axes
 + Level 1.0 Armour
 - Level 1.3 Spellcasting
 - Level 3.6 Fire Magic


You had 2 spell levels left.
You knew the following spells:

 Your Spells              Type           Power      Damage    Failure   Level
a - Scorch                Fire           24%        2d6       78%         2

Your spell library contained the following spells:

 Spells                   Type           Power      Damage    Failure   Level
 Sandblast                Erth           2%         2d4       98%         1
 Passwall                 Tmut/Erth      0%         N/A       99%         2
 Stone Arrow              Conj/Erth      2%         3d7       100%        3


Dungeon Overview and Level Annotations

Branches:
Dungeon (2/15)

Altars:


Innate Abilities, Weirdness & Mutations

You passively map a small area around you.
You are easily found by Zot.
You glow in the dark.
You regain HP and MP as you explore.
Your magical capacity is low. (-10% MP)


Message History

The goblin hits you but does no damage. The adder bites you.
You are poisoned.
The adder poisons you! The worm bites you but does no damage.
You hit the worm. You burn the worm.
The worm is severely wounded.
You miss the adder. You closely miss the goblin.
You feel sick. The adder bites you.
You are more poisoned.
The adder poisons you! The goblin hits you but does no damage.
The worm barely misses you.
You hit the worm. You burn the worm.
The worm is almost dead.
You closely miss the adder. You closely miss the goblin.
You feel very sick. The adder bites you but does no damage.
The goblin hits you with a +0 club. The adder closely misses you.
You closely miss the adder. You hit the goblin. You burn the goblin.
You kill the goblin!
You completely miss the worm.
You feel sick. The adder bites you but does no damage. The worm bites you.
You miss the adder. You hit the worm. You burn the worm.
You kill the worm!
You feel sick. The adder bites you.
* * * LOW HITPOINT WARNING * * *
You are lethally poisoned!
The adder poisons you! The adder bites you but does no damage.
Your Axes skill increases to level 5!
Your Armour skill increases to level 1!
Okay, then.
You hit the adder but do no damage.
* * * LOW HITPOINT WARNING * * *
You feel very sick. The adder barely misses you.
It was a potion of mutation.
You feel extremely strange.
You feel less energetic.
* * * LOW HITPOINT WARNING * * *
You feel sick. The adder bites you but does no damage.
It was a potion of magic.
Magic courses through your body.
* * * LOW HITPOINT WARNING * * *
You feel sick. The adder bites you but does no damage. The adder bites you.
You die...

..####### #.# *
........# #.# ####*
†..####.## #.#####....
.......).###.#.....S *
...............#.g. , ,
, .†.........†...#.#, ,
* .................# ,
..#.####..#.<#.####.## *
..#.####..#.##.)@S...# ,
,
..#.............†.......
....#######.###.####....
..#.# #......, ... *
.##.###########.#. ,.
##.......### #...
....####...# ### # ,
##.##......# * ,
......##...# * **


You could see an adder.

Vanquished Creatures
  2 worms (D:2)
  2 ball pythons
  2 endoplasms (D:2)
  A giant cockroach (D:1)
  5 goblins
  2 hobgoblins
  2 quokkas (D:1)
  A bat (D:2)
  3 frilled lizards
  2 kobolds (D:1)
  4 rats (D:1)
26 creatures vanquished.

Notes
Turn   | Place    | Note
-------+----------+-------------------------------------------
     0 | D:1      | jt the Meteoran Cinder Acolyte began the quest for the Orb.
     0 | D:1      | Reached XP level 1. HP: 19/19 MP: 3/3
    76 | D:1      | Reached skill level 4 in Axes
    76 | D:1      | Reached XP level 2. HP: 9/26 MP: 5/5
   266 | D:1      | Reached XP level 3. HP: 29/31 MP: 6/6
   275 | D:2      | Learned a level 2 spell: Scorch
   406 | D:2      | Reached skill level 5 in Axes
   406 | D:2      | Reached skill level 1 in Armour
   407 | D:2      | Gained mutation: Your magical capacity is low. (-10% MP)
                  | [potion of mutation]
   408 | D:2      | Slain by an adder

Illustrated notes

Levels and vault maps discovered:
D:1:      minmay_arrival_four_circles, layout_basic
D:2:      layout_loops_cross

Skill      XL: |  1  2  3 |
---------------+----------+-----
Axes           | 4 5 |  5.0
Armour         | 1 |  1.0
Fighting       | |  3.2
Spellcasting   | |  1.3
Fire Magic     | |  3.6

Action                   || total
-------------------------++-------
Melee: Hand axe          ||    80
       Punch             ||     1
Throw: Stone             ||     1
  Use: Potion            ||     3
Armor: Robe              ||     4
       Ring mail         ||    12
       Chain mail        ||    21
Dodge: Dodged            ||    35

Table legend: (Time is in decaauts)
 A = Elapsed time spent in this place.
 B = Non-inter-level travel time spent in this place.
 C = Inter-level travel time spent in this place.
 D = Time resting spent in this place.
 E = Time spent auto-exploring this place.
 F = Levels seen in this place.
 G = Mean time per level.
                   A        B        C        D        E       F      G
               +--------+--------+--------+--------+--------+-----+--------+
         Total |    415 |    415 |      0 |      0 |      4 |   2 |  207.5 |
       Dungeon |    415 |    415 |      0 |      0 |      4 |   2 |  207.5 |
               +--------+--------+--------+--------+--------+-----+--------+

Top non-repeatable levels by time:
     D:1: 277 daAuts
     D:2: 137 daAuts
